 Dungeon Crawl Stone Soup version 0.18.1-6-gd335043 (webtiles) character file.

98 HungrySpirit the Charlatan (level 5, 0/29 HPs)
             Began as a Kobold Artificer on May 18, 2016.
             Slain by an orc
             ... wielding a +0 hand axe
              (3 damage)
             ... on level 3 of the Dungeon.
             The game lasted 00:04:37 (2010 turns).

HungrySpirit the Charlatan (Kobold Artificer)       Turns: 2010, Time: 00:04:38

Health: 0/29       AC:  4    Str: 11    XL:     5   Next: 0%
Magic:  8/8        EV: 15    Int: 10    God:
Gold:   122        SH:  0    Dex: 16    Spells: 0 memorised, 4 levels left

rFire  . . .     SeeInvis .     r - +3 dagger
rCold  . . .     Gourm    .     b - +0 leather armour
rNeg   . . .     Faith    .     (shield restricted)
rPois  .         Spirit   .     (no helmet)
rElec  .         Dismiss  .     o - +0 cloak
rCorr  .         Reflect  .     (no gloves)
SustAt .         Harm     .     (no boots)
MR     +....                    (no amulet)
Stlth  ++........               (no ring)
                                q - ring of protection from magic

@: somewhat resistant to hostile enchantments, unstealthy
A: carnivore 3
a: no special abilities


You were on level 3 of the Dungeon.
You were very full.

You visited 1 branch of the dungeon, and saw 3 of its levels.

You collected 122 gold pieces.

Inventory:

Hand Weapons
 r - a +3 dagger (weapon)
Armour
 b - a +0 leather armour (worn)
 o - a +0 cloak (worn)
Jewellery
 q - a ring of protection from magic (left hand)
Wands
 c - a wand of flame (6/48)
 d - a wand of enslavement (15/24)
 e - a wand of random effects (15/48)
Scrolls
 h - a scroll of remove curse {unknown}
 i - 3 scrolls of identify {unknown}
 j - 2 scrolls of immolation {unknown}
 k - 2 scrolls of noise {unknown}
 l - a scroll of amnesia {unknown}
 n - 5 scrolls of fog {unknown}
 p - a scroll of enchant weapon {unknown}
Potions
 a - a potion of cancellation {unknown}
 g - a potion of cure mutation {unknown}
 m - a potion of brilliance {unknown}
 s - a potion of degeneration {unknown}
Comestibles
 f - 2 meat rations


   Skills:
 - Level 1.1 Fighting
 * Level 4.0 Short Blades
 + Level 3.4 Dodging
 - Level 1.3 Stealth
 + Level 4.6 Evocations


You had 4 spell levels left.
You didn't know any spells.

Dungeon Overview and Level Annotations

Branches:
Dungeon (3/15)

Altars:


Innate Abilities, Weirdness & Mutations

You are small and have problems with some larger weapons.
You are carnivorous and can eat meat at any time.


Message History

The puff of flame hits the orc.
You kill the orc!
You have reached level 5!
You feel stronger.
This wand has 8 charges left.
Evoke which item? (* to show all) (? for menu, Esc to quit)
Zapping:
c - a wand of flame (8/48)
Press: ? - help, Shift-Dir - straight line, f - orc
Aim: an orc, wielding a hand axe and wearing a leather armour The puff of flame hits the orc.
The orc is moderately wounded.
This wand has 7 charges left.
Evoke which item? (* to show all) (? for menu, Esc to quit)
Zapping:
c - a wand of flame (7/48)
Press: ? - help, Shift-Dir - straight line, f/p - orc
Aim: an orc, wielding a hand axe and wearing a leather armour (moderately wounded)
The puff of flame hits the orc.
The orc is almost dead.
This wand has 6 charges left.
The orc hits you with a hand axe.
You die...

## #### .#
###############......
.#####...)...†(...........
.......####.###(@###......
.####### ...# ##)o##......
†# #.### ##)o..# ## #.
####.# . # .# ## .# .#
.#####.#


You could see 2 orcs.

Vanquished Creatures
  An orc priest (D:3)
  2 adder zombies (D:1)
  3 worms (D:2)
  2 dart slugs (D:2)
  4 giant geckos
  An orc (D:3)
  6 bats
  6 goblins
  4 hobgoblins
  A quokka (D:2)
  2 giant newts (D:2)
  8 kobolds
  4 rats
44 creatures vanquished.

Notes
Turn   | Place    | Note
--------------------------------------------------------------
     0 | D:1      | HungrySpirit the Kobold Artificer began the quest for the Orb.
     0 | D:1      | Reached XP level 1. HP: 12/12 MP: 3/3
   171 | D:1      | Reached XP level 2. HP: 13/16 MP: 4/4
   687 | D:1      | Reached XP level 3. HP: 17/20 MP: 6/6
  1456 | D:2      | Reached XP level 4. HP: 25/25 MP: 7/7
  2008 | D:3      | Reached XP level 5. HP: 2/29 MP: 8/8
  2010 | D:3      | Slain by an orc

Skill      XL: |  1  2  3  4 |
---------------+-------------+-----
Short Blades   | 2 3 4 |  4.0
Evocations     | 4 |  4.6
Dodging        | 3 |  3.4
Fighting       | |  1.1
Stealth        | |  1.3

Action                   |  1- 3 |  4- 6 || total
-------------------------+-------+-------++-------
Melee: Short sword       |   109 |       ||   109
       Dagger            |    19 |    49 ||    68
Evoke: Wand              |     2 |     7 ||     9
 Stab: Sleeping          |     3 |     1 ||     4
  Eat: Chunk             |     7 |     4 ||    11
Armor: Leather armour    |    22 |     3 ||    25
Dodge: Dodged            |   126 |    24 ||   150
